 Dungeon Crawl Stone Soup version 0.14-a0-1817-gb992dfe (webtiles) character file.

11411 Jenx the Grappler (level 11, -5/92 HPs)
             Began as a Troll Assassin on Jan 8, 2014.
             Was a High Priest of Okawaru.
             Slain by a komodo dragon (21 damage)
             ... on Level 1 of the Lair of Beasts on Jan 9, 2014.
             The game lasted 00:37:15 (9166 turns).

Jenx the Grappler (Troll Assassin)                  Turns: 9166, Time: 00:37:16

HP  -5/92        AC  8     Str 24      XL: 11   Next: 40%
MP   4/4         EV  9     Int 10      God: Okawaru [*****.]
Gold 684         SH 25     Dex 16      Spells:  0 memorised, 10 levels left

rFire  . . .     SeeInvis .       - Unarmed
rCold  . . .     Clarity  .     z - +1 elf robe {MR+}
rNeg   . . .     Conserve .     K - +0 shield
rPois  .         rCorr    .     j - -1 cap of the Leaf {Str+3 Dex+2}
rElec  .         rRot     .     U - +2 cloak
SustAb . .       Spirit   .     (gloves unavailable)
rMut   .         Warding  .     (boots unavailable)
Gourm  +         Stasis   .     (no amulet)
                                (no ring)
                                s - +3 ring of intelligence

@: non-regenerating, badly diseased, quite resistant to hostile enchantments,
fairly stealthy
A: unfitting armour, claws 3, fast metabolism 3, gourmand, regeneration 2,
saprovore 2, shaggy fur 1, tough skin 2
a: Heroism, Finesse, Renounce Religion


You were on level 1 of the Lair of Beasts.
You worshipped Okawaru.
Okawaru was extremely pleased with you.
You were very full.

You visited 3 branches of the dungeon, and saw 12 of its levels.

You collected 684 gold pieces.

Inventory:

Hand weapons
 b - a +0 blowgun
Missiles
 e - 96 poisoned needles
 M - 2 large rocks (quivered)
Armour
 j - the -1 cap of the Leaf (worn) {Str+3 Dex+2}
   (Okawaru gifted it to you on level 10 of the Dungeon)

   It affects your strength (+3).
   It affects your dexterity (+2).
 z - a +1 elven robe of magic resistance (worn)
 K - a +0 shield (worn)
 U - a +2 cloak (worn)
Magical devices
 c - a wand of cold (0)
 d - a wand of cold (7)
 n - a wand of frost (3)
 F - a wand of fire (6)
 O - a wand of enslavement (21) {unknown}
 P - a wand of frost (16)
Comestibles
 g - 4 meat rations
 h - a choko
 m - 7 bread rations
 u - 10 grapes
 D - 5 beef jerkies
Scrolls
 a - 3 scrolls of curse jewellery {unknown}
 i - 2 scrolls of curse armour {unknown}
 k - 3 scrolls of teleportation
 q - 4 scrolls of identify
 x - 2 scrolls of enchant weapon I {unknown}
 y - 3 scrolls of fog {unknown}
 B - a scroll of fear {unknown}
 C - 2 scrolls of enchant weapon II {unknown}
 E - a scroll of remove curse {unknown}
 H - 3 scrolls of enchant armour {unknown}
 L - a scroll of immolation {unknown}
 S - a scroll of recharging {unknown}
 T - a scroll of blinking {unknown}
Jewellery
 r - a cursed ring of teleportation
 s - a +3 ring of intelligence (left claw)
Potions
 f - a potion of restore abilities {unknown}
 l - 3 potions of heal wounds
 o - a potion of cure mutation {unknown}
 p - 4 potions of curing
 v - a potion of berserk rage {unknown}
 w - a potion of mutation {unknown}
 G - a potion of poison {unknown}
 J - 2 potions of might {unknown}
 Q - 2 potions of brilliance {unknown}


   Skills:
 - Level 1.5 Fighting
   Level 1.7 Maces & Flails
 - Level 1.7 Throwing
 - Level 0.7 Dodging
 - Level 2.4 Stealth
 + Level 10.5 Shields
 - Level 12.7 Unarmed Combat


You had 10 spell levels left.
You didn't know any spells.

Dungeon Overview and Level Annotations

Branches:
Dungeon (10/16)            Temple (1/1) D:6            Lair (1/8) D:10
    Orc: D:9-12

Altars:
Ashenzari
Cheibriados
Elyvilon
Fedhas
Kikubaaqudgha
Makhleb
Nemelex Xobeh
Okawaru
Sif Muna
Trog
Vehumet
Xom
Yredelemnul
Zin
the Shining One

Shops:
D:6 *   D:9 [   D:10 :

Annotations:
D:2 exclusion: oklob plant
D:10 exclusion: door


Innate Abilities, Weirdness & Mutations

You are too large for most types of armour.
You have claws for hands.
Your metabolism is lightning-fast.
You like to eat raw meat.
You heal very quickly.
You can eat rotten meat.
You are covered in fur (AC +1).
You have very tough skin (AC +2).


Message History

The komodo dragon bites you but does no damage.
You hit the komodo dragon.
The komodo dragon begins to bleed from its wounds!
The komodo dragon is lightly wounded.
The komodo dragon bites you!
You feel ill.
You claw the komodo dragon!
The komodo dragon is moderately wounded.
The komodo dragon barely misses you.
You barely miss the komodo dragon.
The komodo dragon is moderately wounded.
The komodo dragon bites you!
You feel ill.
You claw the komodo dragon!
The komodo dragon is severely wounded.
The komodo dragon bites you!
* * * LOW HITPOINT WARNING * * *
You feel ill.
You claw the komodo dragon!
The komodo dragon is almost dead.
The komodo dragon bites you!
You die...

...........................(..
.............................
...................>........
..#...#....................
##...#..................#.
#######................#.
##...............[....##
#...................##.#
#.....@............#
....#..l#..............
.......#..............
.......#.............
....((.#.#...........
..#####............ #
#............ #P............
#####........


You could see a komodo dragon (bleeding).

Vanquished Creatures
  A centaur warrior (D:10)
  A hill giant (D:10)
  Erolcha (D:8)
  Pikel (D:8)
  2 cyclopes
  Maurice (D:10)
  2 trolls (D:10)
  A komodo dragon (D:10)
  A blink frog (shapeshifter) (D:10)
  A two-headed ogre (D:10)
  3 blink frogs (Lair:1)
  A trapdoor spider (D:10)
  4 hippogriffs
  3 yaks (Lair:1)
  A manticore (D:8)
  2 porcupines (Lair:1)
  4 ice beasts
  2 orc warriors
  3 ogres
  4 sky beasts
  3 centaurs
  3 phantoms
  2 crocodiles (Lair:1)
  4 giant frogs
  An agate snail (Lair:1)
  A hippogriff zombie (D:8)
  A hippogriff skeleton (D:8)
  10 killer bees
  A giant frog zombie (D:5)
  A goliath beetle (D:6)
  2 hounds (D:6)
  2 crimson imps
  3 lava snakes (D:10)
  A water moccasin zombie (D:6)
  2 big fish (D:2)
  5 orc priests
  8 orc wizards
  Crazy Yiuf (D:5)
  A jelly (D:9)
  2 giant frog skeletons
  3 scorpions
  2 iguanas
  3 worker ants
  Ijyb (D:7)
  A hound skeleton (D:7)
  An ogre skeleton (D:4)
  Terence (D:3)
  4 gnolls (D:6)
  18 green rats (Lair:1)
  A steam dragon skeleton (D:8)
  3 giant mites
  8 adders
  3 worms
  An adder skeleton (D:5)
  3 giant eyeballs
  An ooze (D:4)
  35 orcs
  11 bats
  A bat skeleton (D:4)
  4 giant cockroaches
  11 hobgoblins
  7 jackals
  3 quokkas
  3 ball pythons
  A giant gecko (D:6)
  A giant gecko zombie (D:8)
  7 giant newts
  A gnoll skeleton (D:6)
  11 goblins
  2 hobgoblin skeletons
  15 kobolds
  A kobold skeleton (D:7)
  A kobold zombie (D:7)
  An orc skeleton (D:3)
  16 rats
  3 ballistomycetes (D:9)
  2 plants (D:10)
284 creatures vanquished.

Vanquished Creatures (others)
  A slave (D:8)
  A giant spore (D:9)
  A rat (D:6)
  2 plants (D:10)
5 creatures vanquished.

Grand Total: 289 creatures vanquished

Notes
Turn   | Place    | Note
--------------------------------------------------------------
     0 | D:1      | Jenx, the Troll Assassin, began the quest for the Orb.
     0 | D:1      | Reached XP level 1. HP: 19/19 MP: 1/1
   151 | D:1      | Reached skill level 1 in Unarmed Combat
   272 | D:1      | Reached XP level 2. HP: 27/27 MP: 1/1
   828 | D:2      | Reached XP level 3. HP: 33/33 MP: 2/2
   969 | D:2      | Found a blossoming altar of Fedhas.
   979 | D:2      | Reached skill level 3 in Unarmed Combat
   988 | D:2      | Reached skill level 4 in Unarmed Combat
   988 | D:2      | Reached XP level 4. HP: 17/41 MP: 2/2
  1182 | D:2      | Found a sparkling altar of Nemelex Xobeh.
  1182 | D:2      | Found a shimmering altar of Xom.
  1419 | D:2      | Noticed an oklob plant
  1520 | D:3      | Noticed Terence
  1532 | D:3      | Killed Terence
  2195 | D:3      | Reached XP level 5. HP: 48/48 MP: 2/2
  2286 | D:4      | Reached skill level 5 in Unarmed Combat
  2503 | D:4      | Reached XP level 6. HP: 46/55 MP: 3/3
  2523 | D:4      | Reached skill level 6 in Unarmed Combat
  3058 | D:5      | Entered Level 5 of the Dungeon
  3211 | D:5      | Reached skill level 7 in Unarmed Combat
  3252 | D:5      | Reached XP level 7. HP: 42/62 MP: 3/3
  3304 | D:5      | Reached skill level 8 in Unarmed Combat
  3630 | D:5      | Noticed Crazy Yiuf
  3656 | D:5      | Killed Crazy Yiuf
  3721 | D:5      | Got a brightly glowing hammer
  3855 | D:6      | Reached skill level 9 in Unarmed Combat
  3877 | D:6      | Reached XP level 8. HP: 49/70 MP: 3/3
  3979 | D:6      | Upgraded the game from 0.14-a0-1811-gdc2d5af to 0.14-a0-1817-gb992dfe
  4034 | D:6      | Reached skill level 10 in Unarmed Combat
  4109 | D:6      | Paralysed by a giant eyeball for 4 turns
  4260 | D:6      | Found Uxit's Elemental Accessories.
  4462 | D:6      | Found a staircase to the Ecumenical Temple.
  4472 | Temple   | Entered the Ecumenical Temple
  4497 | Temple   | Became a worshipper of Warmaster Okawaru
  4949 | D:7      | Reached skill level 11 in Unarmed Combat
  5282 | D:7      | Reached XP level 9. HP: 76/76 MP: 4/4
  5492 | D:7      | Noticed Ijyb
  5498 | D:7      | Killed Ijyb
  5708 | D:8      | Noticed a cyclops
  5718 | D:8      | Killed a cyclops
  5718 | D:8      | Acquired Okawaru's first power
  5718 | D:8      | Reached skill level 12 in Unarmed Combat
  5746 | D:8      | Noticed Erolcha
  5760 | D:8      | Killed Erolcha
  5843 | D:8      | Reached skill level 1 in Shields
  6058 | D:8      | Noticed Pikel
  6074 | D:8      | Killed Pikel
  6495 | D:8      | Reached XP level 10. HP: 63/85 MP: 4/4
  6507 | D:8      | Reached skill level 5 in Shields
  6986 | D:9      | Found Viaqav's Armour Shoppe.
  7388 | D:9      | Got a pair of ichor-stained gloves
  7441 | D:10     | Entered Level 10 of the Dungeon
  7562 | D:10     | Found Mizouthri's Book Shop.
  7843 | D:10     | Noticed Maurice
  7851 | D:10     | Noticed a centaur warrior
  7873 | D:10     | Killed a centaur warrior
  7937 | D:10     | Killed Maurice
  7987 | D:10     | Acquired Okawaru's second power
  7995 | D:10     | Noticed a cyclops
  8009 | D:10     | Killed a cyclops
  8196 | D:10     | Noticed a hill giant
  8205 | D:10     | Killed a hill giant
  8205 | D:10     | Reached XP level 11. HP: 36/92 MP: 4/4
  8479 | D:10     | Paralysed by a giant eyeball for 3 turns
  8533 | D:10     | Found a staircase to the Lair.
  8552 | D:10     | Received a gift from Okawaru
  8553 | D:10     | Got a smoking cap {god gift}
  8556 | D:10     | Identified the -1 cap of the Leaf {Str+3 Dex+2} (Okawaru gifted it to you on level 10 of the Dungeon)
  8584 | Lair:1   | Entered Level 1 of the Lair of Beasts
  8620 | Lair:1   | Reached skill level 10 in Shields
  9166 | Lair:1   | Slain by a komodo dragon

Action                   |  1- 3 |  4- 6 |  7- 9 | 10-12 || total
-------------------------+-------+-------+-------+-------++-------
Melee: Unarmed           |    71 |   185 |   279 |   339 ||   874
 Fire: Blowgun           |       |    12 |    17 |       ||    29
Throw: Large rock        |       |       |     1 |    38 ||    39
Invok: Heroism           |       |       |     1 |     3 ||     4
Evoke: Wand              |       |       |       |     9 ||     9
  Use: Potion            |       |     1 |     4 |     5 ||    10
       Scroll            |       |       |     1 |     2 ||     3
 Stab: Sleeping          |     1 |     5 |     6 |       ||    12
       Distracted        |       |     1 |       |       ||     1
